 Dungeon Sprint DCSS version 0.26-a0-720-g2a1d101370 (webtiles) character file.

Game seed: 8923392766991537822

20697 rocky1 the Peltast (level 13, -10/114 HPs)
             Began as a Formicid Fighter on Nov 3, 2020.
             Was the Champion of Cheibriados.
             Killed from afar by a fire dragon (38 damage)
             ... with a blast of flame
             ... in the Dungeon (Sprint IX: "|||||||||||||||||||||||||||||").
             The game lasted 00:11:19 (2171 turns).

rocky1 the Peltast (Formicid Fighter)               Turns: 2171, Time: 00:11:20

Health: -10/114    AC: 12    Str: 41    XL:     13   Next: 14%
Magic:  6/23       EV: 26    Int: 23    God:    Cheibriados [******]
Gold:   1948       SH: 27    Dex: 28    Spells: 12/12 levels left

rFire    . . .     SeeInvis +   l - +2 scimitar (holy)
rCold    + . .     Faith    .   x - +1 tower shield
rNeg     . . .     Spirit   .   y - +1 scale mail {rC+}
rPois    .         Reflect  .   (helmet unavailable)
rElec    .         Harm     .   w - +1 cloak
rCorr    .         Rampage  .   b - +0 pair of gloves
MR       +....                  a - +0 pair of boots
Stlth    +.........             (no amulet)
HPRegen  0.29/turn              m - +3 ring of dexterity
MPRegen  0.18/turn              n - +2 ring of evasion

@: corroded, very slow
A: permanent stasis, dig shafts and tunnels, four strong arms, antennae 3
a: Dig, Bend Time, Temporal Distortion, Slouch, Step From Time, Renounce
Religion


You were in the Dungeon.
You worshipped Cheibriados.
Cheibriados was exalted by your worship.
You visited 1 branch You collected 1948 gold pieces.

Inventory:

Hand Weapons
 l - a +2 scimitar of holy wrath (weapon)
Missiles
 o - a throwing net (quivered)
Armour
 a - a +0 pair of boots (worn)
 b - a +0 pair of gloves (worn)
 w - a +1 cloak (worn)
 x - a +1 tower shield (worn)
 y - a +1 scale mail of cold resistance (worn)
Jewellery
 m - a +3 ring of dexterity (left hand)
 n - a +2 ring of evasion (right hand)
 s - a +4 ring of evasion
 t - an uncursed ring of protection from fire
 u - a +4 ring of evasion
 v - an uncursed ring of fire
Wands
 k - a wand of acid (10)
Scrolls
 e - 8 scrolls of enchant armour
 i - 3 scrolls of remove curse
 j - 2 scrolls of amnesia
 p - 6 scrolls of enchant weapon
Potions
 d - 2 potions of might
 f - 10 potions of heal wounds
 g - 3 potions of magic
 h - 4 potions of curing
 z - a potion of stabbing


   Skills:
 + Level 14.5 Fighting
 - Level 14.3 Long Blades
 + Level 14.5 Armour
 + Level 12.2 Dodging
 + Level 16.7 Shields
 + Level 13.8 Invocations


You had 12 spell levels left.
You didn't know any spells.
Your spell library was empty.

Dungeon Overview and Level Annotations

Branches:
Dungeon (1/1)

Altars:
Cheibriados
Dithmenos
Elyvilon
Fedhas
Gozag
Hepliaklqana
Kikubaaqudgha
Makhleb
Nemelex Xobeh
Okawaru
Qazlal
Ru
Sif Muna
Trog
Uskayaw
Vehumet
Wu Jian
Xom
Yredelemnul
Zin
The Shining One
Beogh
Jiyva
Lugonu

Shops:
D :((*


Innate Abilities, Weirdness & Mutations

You cannot be hasted, slowed, berserked, paralysed or teleported.
You can dig through walls and to a lower floor.
Your four strong arms can wield two-handed weapons with a shield.
You have a pair of large antennae on your head. (SInv)


Message History

You block the fire dragon's attack. x3
You completely miss the fire dragon.
The fire dragon is moderately wounded.
You hit the fire dragon.
The fire dragon is moderately wounded.
The fire dragon barely misses you.
You riposte.
You slice the fire dragon!!
The fire dragon is severely wounded.
You block the fire dragon's attack. x2
You barely miss the fire dragon.
The fire dragon is severely wounded.
The fire dragon breathes flames at you. The blast of flame hits you!!!
* * * LOW HITPOINT WARNING * * *
You barely miss the fire dragon.
The fire dragon is severely wounded.
You slash the fire dragon!
The fire dragon is almost dead.
The fire dragon breathes flames at you. The blast of flame hits you!!!
You die... { { {{{{{{ {{{{{{{{{ {{{{{{{{{ ▓▓▓▓▓▓▓▓▓▓▓▓▓▓▓▓▓▓▓▓▓▓▓▓ [[...!!......††.@DRcR... {{{{

▓▓▓▓▓▓▓▓▓▓▓▓▓▓▓▓▓▓▓▓▓▓▓▓▓▓▓▓▓▓▓▓▓
.................................
▓▓▓▓▓▓▓▓▓▓▓▓▓▓▓▓▓▓▓▓▓▓▓▓▓▓▓▓▓▓▓▓▓
)))))).....)).)[)∩.∩.∩)∩.....'...
▓▓▓▓▓▓▓▓▓▓▓▓▓▓▓▓▓▓▓▓▓▓▓▓▓▓▓▓▓▓▓▓▓
...).†.......................[...
▓▓▓▓▓▓▓▓▓▓▓▓▓▓▓▓▓▓▓▓▓▓▓▓▓▓▓▓▓▓▓▓▓
..'÷..÷.....††...†.......'..[[.[.


You could see a fire dragon (catching breath), 2 rakshasas and a yaktaur.

Vanquished Creatures
  A very ugly thing (D)
  4 ogre magi (D)
  Harold (D)
  A boulder beetle (D)
  2 hydras (D)
  A catoblepas (D)
  2 centaur warriors (D)
  5 two-headed ogres (D)
  A flayed ghost (D)
  An orc knight (D)
  An ugly thing (D)
  A gargoyle (D)
  5 cane toads (D)
  3 komodo dragons (D)
  A polar bear (D)
  2 tyrant leeches (D)
  3 yaks (D)
  A wyvern (D)
  Grum (D)
  2 basilisks (D)
  3 vampire mosquitoes (D)
  An acid dragon (D)
  4 water moccasins (D)
  14 orc warriors (D)
  A sky beast (D)
  A phantom (D)
  5 ogres (D)
  4 wolves (D)
  A big kobold (D)
  7 bullfrogs (D)
  A jelly (D)
  2 orc priests (D)
  2 orc wizards (D)
  A leopard gecko (D)
  7 orcs (D)
  2 hobgoblins (D)
  A jackal (D)
  A quokka (D)
  A frilled lizard (D)
  A giant cockroach zombie (D)
  A kobold (D)
  A rat (D)
101 creatures vanquished.

Vanquished Creatures (others)
  A troll (D)
  A worker ant (D)
2 creatures vanquished.

Grand Total: 103 creatures vanquished

Notes
Turn   | Place    | Note
-------+----------+-------------------------------------------
     0 | D        | rocky1 the Formicid Fighter began the quest for the Orb.
     0 | D        | Reached XP level 1. HP: 18/18 MP: 1/1
    12 | D        | Reached skill level 4 in Shields
    50 | D        | Noticed a jelly
    50 | D        | Noticed a water moccasin
    52 | D        | Killed a jelly
    52 | D        | Reached skill level 5 in Long Blades
    52 | D        | Reached skill level 5 in Shields
    52 | D        | Reached XP level 2. HP: 21/24 MP: 2/2
    52 | D        | Reached XP level 3. HP: 26/29 MP: 3/3
    68 | D        | Killed a water moccasin
    68 | D        | Reached skill level 7 in Shields
    68 | D        | Reached XP level 4. HP: 28/35 MP: 4/4
    68 | D        | Reached XP level 5. HP: 33/41 MP: 5/5
   156 | D        | Found a roughly hewn altar of Beogh.
   156 | D        | Found a snail-covered altar of Cheibriados.
   156 | D        | Found a shadowy altar of Dithmenos.
   156 | D        | Found a white marble altar of Elyvilon.
   156 | D        | Found a blossoming altar of Fedhas.
   156 | D        | Found an opulent altar of Gozag.
   157 | D        | Found a hazy altar of Hepliaklqana.
   158 | D        | Found a viscous altar of Jiyva.
   159 | D        | Found an ancient bone altar of Kikubaaqudgha.
   160 | D        | Became a worshipper of Cheibriados the Contemplative
   161 | D        | Found a corrupted altar of Lugonu.
   162 | D        | Found a burning altar of Makhleb.
   163 | D        | Found a sparkling altar of Nemelex Xobeh.
   164 | D        | Found an iron altar of Okawaru.
   165 | D        | Found a stormy altar of Qazlal.
   166 | D        | Found a sacrificial altar of Ru.
   167 | D        | Found a shimmering blue altar of Sif Muna.
   168 | D        | Found a bloodstained altar of Trog.
   169 | D        | Found a hide-covered altar of Uskayaw.
   170 | D        | Found a radiant altar of Vehumet.
   171 | D        | Found an ornate altar of the Wu Jian Council.
   172 | D        | Found a shimmering altar of Xom.
   173 | D        | Found a basalt altar of Yredelemnul.
   174 | D        | Found a glowing silver altar of Zin.
   175 | D        | Found a glowing golden altar of the Shining One.
   231 | D        | Noticed a phantom
   231 | D        | Noticed a big kobold
   231 | D        | Noticed a bullfrog
   231 | D        | Noticed a bullfrog
   231 | D        | Noticed a yak
   236 | D        | Killed a phantom
   236 | D        | Reached skill level 1 in Dodging
   236 | D        | Reached skill level 8 in Shields
   236 | D        | Reached XP level 6. HP: 40/48 MP: 5/7
   243 | D        | Reached * piety under Cheibriados
   243 | D        | Reached skill level 5 in Fighting
   243 | D        | Reached skill level 5 in Armour
   243 | D        | Reached skill level 9 in Shields
   243 | D        | Reached XP level 7. HP: 49/56 MP: 5/9
   247 | D        | Reached skill level 10 in Long Blades
   249 | D        | Reached ** piety under Cheibriados
   256 | D        | Killed a yak
   258 | D        | Noticed a centaur warrior
   258 | D        | Noticed a troll
   258 | D        | Noticed a centaur warrior
   263 | D        | Reached skill level 5 in Invocations
   269 | D        | Killed a centaur warrior
   269 | D        | Reached *** piety under Cheibriados
   269 | D        | Reached skill level 5 in Dodging
   269 | D        | Reached skill level 10 in Shields
   269 | D        | Reached XP level 8. HP: 46/67 MP: 8/13
   273 | D        | Killed a troll
   273 | D        | Reached XP level 9. HP: 51/72 MP: 9/14
   282 | D        | Killed a centaur warrior
   282 | D        | Reached skill level 11 in Shields
   509 | D        | Noticed a komodo dragon
   509 | D        | Noticed a komodo dragon
   509 | D        | Noticed a cane toad
   518 | D        | Killed a komodo dragon
   518 | D        | Reached **** piety under Cheibriados
   525 | D        | Killed a komodo dragon
   530 | D        | Killed a cane toad
   530 | D        | Reached XP level 10. HP: 60/83 MP: 16/16
   538 | D        | Noticed a cane toad
   541 | D        | Reached ***** piety under Cheibriados
   544 | D        | Reached skill level 12 in Shields
   557 | D        | Killed a cane toad
   648 | D        | Noticed a cane toad
   648 | D        | Noticed an eight-headed hydra
   649 | D        | Reached ****** piety under Cheibriados
   651 | D        | Noticed an eight-headed hydra
   652 | D        | Killed a cane toad
   652 | D        | Reached skill level 10 in Fighting
   652 | D        | Reached skill level 10 in Invocations
   652 | D        | Reached skill level 10 in Armour
   655 | D        | Killed a ten-headed hydra
   852 | D        | Noticed a komodo dragon
   855 | D        | Killed a komodo dragon
   855 | D        | Reached skill level 13 in Shields
   855 | D        | Reached XP level 11. HP: 92/92 MP: 7/18
   863 | D        | Killed a 14-headed hydra
  1255 | D        | Noticed Harold
  1267 | D        | Killed Harold
  1333 | D        | Noticed Grum
  1336 | D        | Reached skill level 14 in Shields
  1345 | D        | Killed Grum
  1521 | D        | Noticed an orc knight
  1524 | D        | Reached skill level 10 in Dodging
  1529 | D        | Killed an orc knight
  1678 | D        | Found Fupt's Book Emporium.
  1678 | D        | Noticed a two-headed ogre
  1678 | D        | Noticed a two-headed ogre
  1678 | D        | Noticed a two-headed ogre
  1684 | D        | Killed a two-headed ogre
  1684 | D        | Reached XP level 12. HP: 103/103 MP: 14/20
  1688 | D        | Killed a two-headed ogre
  1688 | D        | Reached skill level 15 in Shields
  1689 | D        | Killed a two-headed ogre
  1690 | D        | Found Goninkoe's Weapon Shoppe.
  1691 | D        | Noticed a two-headed ogre
  1695 | D        | Found Raschu's Antique Weapon Emporium.
  1695 | D        | Noticed an ogre mage
  1702 | D        | Killed a two-headed ogre
  1709 | D        | Killed an ogre mage
  1712 | D        | Found Ighojom's Assorted Antiques.
  1729 | D        | Noticed an ogre mage
  1729 | D        | Noticed a two-headed ogre
  1730 | D        | Noticed an ogre mage
  1741 | D        | Killed an ogre mage
  1748 | D        | Killed a two-headed ogre
  1752 | D        | Killed an ogre mage
  2123 | D        | Noticed a catoblepas
  2123 | D        | Noticed a boulder beetle
  2133 | D        | Noticed a flayed ghost
  2134 | D        | Noticed a green very ugly thing
  2134 | D        | Killed a boulder beetle
  2134 | D        | Reached skill level 16 in Shields
  2141 | D        | Killed a catoblepas
  2150 | D        | Killed a white very ugly thing
  2150 | D        | Reached XP level 13. HP: 48/113 MP: 3/23
  2151 | D        | Noticed an ogre mage
  2153 | D        | Noticed a fire dragon
  2157 | D        | Noticed a rakshasa
  2159 | D        | Noticed a rakshasa
  2160 | D        | Killed an ogre mage
  2171 | D        | Killed from afar by a fire dragon

Illustrated notes

Levels and vault maps discovered:
D:        linesprint [early_d, line_temple, items_1, d_10, items_2, lair_1,
          lair_end, items_3, orc_1, orc_end, items_4, d_15, swamp_1, shoals_1,
          snake_1, spider_1, d_20, vaults_1, items_5, swamp_end, shoals_end,
          snake_end, spider_end, vaults_end, d_27, items_6, zot_1, zot_end,
          crypt_end, forest_end, elf_end, slime_end, tomb_end, abyss_end,
          pan_hell_end]

Skill      XL: |  1  2  3  4  5  6  7  8  9 10 11 12 |
---------------+-------------------------------------+-----
Long Blades    | 5 8 9 11 12 13 14 | 14.3
Shields        | 5 7 8 9 10 11 13 14 16 | 16.7
Fighting       | 4 5 7 9 10 12 14 | 14.5
Armour         | 4 5 7 9 10 12 14 | 14.5
Dodging        | 1 2 5 7 8 10 12 | 12.2
Invocations    | 2 3 6 7 8 10 11 13 | 13.8

Action                   |  1- 3 |  4- 6 |  7- 9 | 10-12 | 13-15 || total
-------------------------+-------+-------+-------+-------+-------++-------
Melee: Long sword        |    27 |     6 |       |       |       ||    33
       Scimitar          |       |    10 |    49 |   189 |    18 ||   266
Invok: Slouch            |       |       |       |    16 |       ||    16
  Use: Potion            |     2 |     1 |     1 |     1 |       ||     5
 Stab: Invisible         |       |     2 |    16 |     1 |       ||    19
Armor: Scale mail        |     7 |     2 |       |    10 |     1 ||    20
       Chain mail        |       |       |     4 |    21 |       ||    25
Dodge: Dodged            |     8 |     3 |    15 |    80 |     4 ||   110
Block: Kite shield       |    12 |     5 |    22 |   119 |       ||   158
       Tower shield      |       |       |       |     7 |    16 ||    23
       Rpst.: Long sword |     4 |       |       |       |       ||     4
       Scimitar          |       |     1 |     6 |    16 |     2 ||    25

Table legend: (Time is in decaauts)
 A = Elapsed time spent in this place.
 B = Non-inter-level travel time spent in this place.
 C = Inter-level travel time spent in this place.
 D = Time resting spent in this place.
 E = Time spent auto-exploring this place.
 F = Levels seen in this place.
 G = Mean time per level.
                   A        B        C        D        E       F      G
               +--------+--------+--------+--------+--------+-----+--------+
         Total |   2758 |   2558 |    200 |    941 |      0 |   1 | 2758.0 |
       Dungeon |   2758 |   2558 |    200 |    941 |      0 |   1 | 2758.0 |
               +--------+--------+--------+--------+--------+-----+--------+

Top non-repeatable levels by time:
       D: 2758 daAuts
